AoeStats
← Moul_Thon

Arena

509492323Analyzed
3v3 RM · 6d ago on Sep 27, 2026· 26m 21s· 6 players
Game mode
Random Map
Map size
Normal (6 player)
Population
200
Speed
Normal
Resources
Standard
Victory
Conquest
Starting age
Dark Age
Ending age
Imperial Age
RankedLock teamsTeams togetherTeam positionsShared explorationLock speedFull tech treeHidden civsTurbo modeCheats
Victory
Defeat
🇲🇦 Celts · Morocco
1275
+17
🇲🇦 Teutons · Morocco
1266
+18
🇲🇦 Franks · Morocco
1235
+19
🇨🇱 Franks · Chile
1336
-20
🇺🇸 Hindustanis · United States
1307
-18
🇺🇸 Bohemians · United States
1259
-16
Moul_Thon
12:06 Feudal Age
15:56 Castle Age
13:53 Horse Collar
14:01 Double-Bit Axe
14:42 Town Watch
17:17 Scale Mail Armor
18:11 Forging
Moul_3asirLimoune
9:58 Feudal Age
15:25 Castle Age
13:31 Double-Bit Axe
15:12 Gold Mining
16:55 Wheelbarrow
22:47 Bow Saw
26:01 Stone Mining
DaYF1786
4:50 Loom
9:35 Feudal Age
11:48 Fletching
21:54 Wheelbarrow
25:38 Castle Age
24:06 Double-Bit Axe
24:52 Scale Mail Armor
25:03 Forging
Solaire (Praise the Sun)
10:44 Feudal Age
11:15 Loom
14:15 Castle Age
12:53 Double-Bit Axe
13:02 Horse Collar
16:16 Bow Saw
FullmetalZimm
11:40 Feudal Age
12:58 Double-Bit Axe
12:54 Horse Collar
15:43 Castle Age
17:28 Bow Saw
19:24 Wheelbarrow
22:40 Loom
24:16 Hand Cart
25:38 Squires
25:42 Scale Mail Armor
25:52 Forging
25:34 Fletching
andresgonzalez24
10:07 Feudal Age
11:09 Loom
14:45 Castle Age
12:39 Double-Bit Axe
14:02 Loom
15:05 Gold Mining
16:05 Forging
17:06 Wheelbarrow
Connection lost

Rejoining the realm…

Still unreachable

The connection could not be restored.

Session expired

The server has moved on; the page needs a fresh start.